Map: Orbital Shipyard

Players

MDM

  • Race: Terran Terran
  • League: Platinum

LilDicky - Winner!

  • Race: Terran Terran
  • League: Platinum

VOD

http://www.twitch.tv/tumescentpie

Description

Time

  • Played on: Nov. 21, 2015, 5:32 p.m.
  • Length: 17:22
Show
View Real Time Build Order
Export as new Build Order

MDM Terran 

Build Orders:  

Get SALT Encoding   

  12  0:00  SCV  
  13  0:12  SCV  
  14  0:18  Supply Depot  
  14  0:25  SCV  
  15  0:39  SCV  
  15  0:42  Barracks  
  16  0:51  SCV  
  16  0:56  Refinery  
  17  1:03  SCV  
  18  1:16  SCV  
  19  1:28  SCV  
  20  1:34  Command Center, Marine  
  21  1:40  SCV  
  21  1:45  Supply Depot  
  22  1:52  Orbital Command  
  22  1:57  Marine  
  23  2:11  Factory  
  23  2:16  Marine  
  24  2:31  Bunker  
  24  2:32  SCV  
  24  2:35  Refinery  
  25  2:38  Marine  
  27  2:44  SCV  
  27  2:47  SCV  
  27  2:50  Supply Depot  
  28  2:56  Starport  
  28  2:58  Factory Tech Lab  
  28  3:02  SCV  
  29  3:10  SCV  
  30  3:14  Marine  
  30  3:15  SCV  
  32  3:23  Siege Tank  
  35  3:28  SCV x2  
  37  3:39  Viking  
  37  3:40  SCV, Marine  
  41  3:41  SCV  
  42  3:48  Engineering Bay  
  42  3:52  SCV  
  42  3:53  SCV  
  44  3:58  Marine  
  45  4:03  Siege Tank  
  45  4:04  SCV  
  45  4:07  Orbital Command  
  49  4:12  Supply Depot  
  49  4:16  SCV  
  50  4:24  Marine  
  50  4:28  SCV  
  52  4:40  SCV  
  52  4:42  Viking  
  52  4:43  Siege Tank  
  55  4:47  Missile Turret  
  54  4:55  Missile Turret  
  54  5:01  Command Center, Refinery  
  53  5:07  Refinery  
  49  5:28  Hellion, Viking, Marine  
  52  5:33  Barracks  
  53  5:39  SCV  
  50  6:11  SCV  
  50  6:12  SCV  
  50  6:13  Starport Tech Lab  
  50  6:14  Hellion, Marine  
  55  6:23  SCV, Marine  
  57  6:31  Command Center  
  51  6:42  Marine x2  
  51  6:43  Medivac  
  51  6:44  Siege Tank  
  54  7:02  Refinery  
  54  7:03  SCV, Marine  
  54  7:05  SCV, Refinery, Barracks, Marine  
  54  7:09  Barracks  
  54  7:23  Supply Depot  
  54  7:24  Barracks Tech Lab  
  54  7:26  Supply Depot  
  54  7:31  Viking, Marine  
  54  7:38  SCV  
  54  7:40  SCV  
  54  7:42  Siege Tank  
  57  7:48  Marine  
  57  7:49  Marine  
  57  7:50  SCV  
  60  7:52  SCV  
  60  7:54  Stimpack  
  60  7:56  Missile Turret  
  61  8:00  Barracks Reactor  
  61  8:01  Missile Turret, Raven  
  61  8:02  SCV  
  61  8:04  SCV  
  65  8:11  SCV  
  65  8:12  Missile Turret  
  66  8:14  SCV  
  66  8:15  Hellion  
  66  8:18  SCV  
  70  8:22  Barracks Reactor  
  70  8:23  SCV  
  70  8:25  Marauder  
  70  8:26  SCV  
  73  8:33  SCV  
  73  8:35  SCV  
  73  8:38  SCV, Marine x2  
  73  8:39  Marine  
  78  8:46  Marauder  
  77  8:54  SCV  
  77  8:55  SCV x2  
  80  8:56  Marine x2  
  80  8:58  Missile Turret  
  80  9:00  Refinery x2  
  82  9:06  Siege Tank  
  85  9:12  Supply Depot  
  85  9:13  Factory  
  85  9:14  Bunker  
  85  9:19  Supply Depot  
  85  9:20  Barracks Tech Lab  
  85  9:24  Missile Turret  
  85  9:33  Sensor Tower  
  85  9:34  SCV x2, Marine x5  
  85  9:35  Orbital Command  
  92  9:40  Terran Infantry Weapons Level 1, Siege Tank  
  92  9:44  Engineering Bay  
  95  9:46  SCV  
  95  9:49  Armory  
  95  9:51  SCV, Marine x3  
  100  9:58  SCV  
  101  10:04  Sensor Tower  
  101  10:19  Missile Turret  
  101  10:20  Terran Infantry Armor Level 1  
  101  10:24  Missile Turret  
  101  10:34  Supply Depot  
  101  10:35  Supply Depot  
  101  10:42  Sensor Tower  
  101  10:53  Factory Tech Lab  
  101  10:55  SCV x3, Raven, Marine x3  
  109  10:57  Marauder x2, Marine  
  109  11:00  Supply Depot  
  114  11:04  Supply Depot  
  114  11:07  SCV x3  
  117  11:21  Marauder x2, Marine  
  117  11:23  Supply Depot  
  122  11:26  Supply Depot  
  122  11:27  Supply Depot  
  122  11:35  Marine x2  
  122  11:36  Siege Tank  
  126  11:43  Marauder x2  
  101  12:02  Marine x3  
  101  12:03  Viking, Marine  
  101  12:04  Marauder x2  
  103  12:12  Siege Tank x2  
  109  12:16  Starport  
  109  12:26  Marauder  
  111  12:31  Marine x4  
  111  12:32  Marauder  
  111  12:36  SCV  
  118  12:39  Command Center  
  118  12:47  Marauder  
  118  12:49  Marine  
  118  12:50  Marine x2  
  118  12:51  Marine  
  122  12:52  Thor  
  128  13:00  Marine  
  128  13:02  Viking  
  131  13:07  Marine  
  131  13:08  Marine  
  133  13:15  SCV x2  
  133  13:17  Terran Infantry Weapons Level 2  
  133  13:18  Terran Vehicle Weapons Level 1  
  135  13:21  Terran Infantry Armor Level 2  
  135  13:29  Missile Turret  
  135  13:30  Missile Turret  
  135  13:31  Marine x2  
  135  13:32  Marauder, Marine x2  
  143  13:35  Starport Tech Lab  
  141  13:43  Barracks Tech Lab  
  141  13:48  Infernal Pre-Igniter  
  141  13:49  Starport, Marine  
  141  13:50  SCV x3  
  141  13:53  Marauder  
  141  13:54  Thor  
  141  13:55  Thor  
  159  13:56  Raven  
  159  14:02  SCV  
  162  14:08  Raven  
  164  14:13  Combat Shields  
  164  14:15  Concussive Shells, Marauder  
  164  14:17  Marine x5  
  123  14:44  Command Center  
  123  14:45  Marauder, Marine x2  
  125  14:52  Marine x3  
  122  14:53  Hellion, Siege Tank  
  108  15:06  Marine x2  
  108  15:07  Viking x3, Marauder  
  110  15:10  Marine x2  
  116  15:14  Siege Tank, Marine  
  120  15:24  Marine  
  121  15:37  Factory, Viking x2  
  121  15:38  Command Center  
  121  15:39  Starport  
  121  15:41  Factory, Marine x5  
  121  15:42  Marine  
  131  15:47  Siege Tank  
  131  15:48  Viking, Siege Tank  
  139  15:58  Marine x2  
  139  15:59  Marine  
  142  16:05  Liberator  
  142  16:07  Viking, Medivac  
  142  16:20  Siege Tank  
  142  16:21  Widow Mine x2  
  142  16:22  Raven  
  146  16:35  Marine x3  
  146  16:36  Reaper, Marine x2  
  125  16:56  Marauder x2, Marine x3  
  125  17:01  SCV x3  
  131  17:07  Factory Tech Lab x2  
  131  17:08  Starport Tech Lab  
Show
View Real Time Build Order
Export as new Build Order

LilDicky Terran - Winner!

Build Orders: 1/1/1, Banshee Rush 

Get SALT Encoding   

  12  0:01  SCV  
  13  0:13  SCV  
  14  0:18  Supply Depot  
  14  0:25  SCV  
  15  0:37  Refinery  
  15  0:40  Barracks  
  15  0:45  SCV  
  16  0:57  SCV  
  17  1:14  SCV  
  18  1:26  SCV  
  18  1:28  Marine  
  18  1:30  Supply Depot  
  20  1:35  Refinery  
  20  1:39  Orbital Command  
  20  1:40  Factory  
  20  1:46  Marine  
  21  2:04  SCV, Marine  
  23  2:22  SCV, Marine  
  25  2:24  Factory Tech Lab, Starport  
  25  2:31  Supply Depot  
  25  2:34  SCV  
  26  2:40  Marine  
  27  2:49  SCV  
  28  2:57  Marine  
  29  2:59  Supply Depot  
  29  3:01  SCV  
  30  3:12  Banshee, Cloaking Field  
  32  3:13  Factory Tech Lab  
  32  3:18  Marine  
  33  3:23  SCV  
  34  3:33  Siege Tank  
  37  3:35  SCV  
  37  3:37  Supply Depot  
  38  3:42  Marine  
  38  3:47  SCV  
  40  3:54  Banshee  
  43  3:59  SCV  
  43  4:01  Marine  
  45  4:23  SCV  
  46  4:25  Siege Tank  
  49  4:35  SCV  
  49  4:37  Command Center  
  50  4:38  Refinery  
  50  4:41  Refinery  
  43  5:05  Supply Depot x2  
  43  5:27  SCV  
  44  5:29  Viking  
  44  5:34  Siege Tank  
  49  5:36  Marine  
  49  5:39  SCV  
  51  5:47  Command Center  
  51  5:51  SCV  
  52  5:59  Viking  
  52  6:03  SCV  
  55  6:28  SCV  
  53  6:34  Banshee  
  56  6:41  Marine  
  56  6:44  SCV  
  50  7:06  SCV  
  50  7:07  Orbital Command  
  49  7:10  Command Center, Orbital Command  
  49  7:13  Siege Tank  
  49  7:14  Marine  
  53  7:19  SCV  
  50  7:31  SCV  
  51  7:37  Orbital Command  
  51  7:43  SCV  
  52  7:48  SCV  
  52  7:49  Banshee  
  56  7:53  Starport  
  56  7:55  SCV  
  57  8:05  Supply Depot, Engineering Bay  
  57  8:11  Refinery  
  57  8:12  Siege Tank  
  60  8:18  SCV x2, Barracks Reactor  
  62  8:20  SCV  
  62  8:22  Refinery  
  62  8:23  Orbital Command  
  63  8:30  SCV  
  63  8:33  Missile Turret  
  64  8:35  Missile Turret  
  64  8:37  Factory  
  64  8:38  Banshee, Corvid Reactor  
  67  8:43  Factory  
  64  8:56  Siege Tank  
  67  9:04  Viking x2  
  71  9:10  SCV  
  71  9:14  SCV x2  
  74  9:28  Factory Tech Lab, Factory Reactor  
  74  9:30  Infernal Pre-Igniter  
  74  9:34  Banshee  
  77  9:39  SCV x4  
  77  9:41  Fusion Core  
  77  9:42  Command Center  
  77  9:45  Hellion  
  83  9:47  Viking x2  
  83  9:51  SCV x4  
  91  9:54  Armory  
  91  9:55  Armory, Starport  
  91  10:03  SCV x4, Supply Depot  
  91  10:05  Supply Depot  
  95  10:07  Liberator  
  95  10:15  SCV x2  
  95  10:16  Hellion x2, Siege Tank x2  
  107  10:24  Raven  
  112  10:35  Liberator  
  112  10:36  Supply Depot, Behemoth Reactor  
  112  10:38  Missile Turret  
  112  10:47  Hellion x2  
  112  10:48  Starport Reactor  
  115  10:50  Liberator  
  121  11:14  Missile Turret  
  121  11:15  Planetary Fortress  
  121  11:35  Missile Turret  
  121  11:41  Missile Turret  
  121  11:42  Missile Turret  
  121  11:44  SCV x4  
  105  11:56  SCV  
  94  12:07  Banshee  
  94  12:08  Refinery  
  97  12:09  Refinery  
  97  12:10  Hellion x3, Siege Tank  
  97  12:13  Factory  
  97  12:14  Factory  
  106  12:15  Factory  
  106  12:16  Command Center  
  106  12:17  Supply Depot  
  106  12:18  Factory  
  106  12:19  Supply Depot  
  106  12:31  Siege Tank  
  109  12:40  Viking x2  
  109  12:42  Siege Tank  
  116  12:50  Banshee  
  119  12:53  Hellion x2  
  123  13:04  Hellion  
  122  13:13  Factory Tech Lab x4  
  122  13:14  Hellion  
  122  13:15  Hellion, Factory Reactor  
  122  13:16  Factory Reactor  
  126  13:26  Command Center  
  126  13:28  Hellion x2  
  126  13:33  Banshee, Terran Vehicle And Ship Armor Level 1, Terran Ship Weapons Level 1  
  133  13:36  Hellion  
  133  13:37  Armory  
  133  13:39  Hyperflight Rotors, Fusion Core  
  133  13:40  Weapon Refit  
  135  13:45  Supply Depot  
  135  13:49  Viking  
  135  13:50  Viking x3  
  143  13:56  Hellion x2, Siege Tank, Orbital Command  
  143  13:59  Liberator  
  143  14:02  Liberator  
  150  14:08  Hellion x2, Siege Tank x2  
  150  14:09  Hellion x2  
  167  14:22  Missile Turret  
  135  14:42  Refinery  
  124  14:59  Battlecruiser  
  127  15:05  Viking x3  
  130  15:18  Orbital Command  
  130  15:22  Refinery, Hellion x3, Siege Tank x3  
  130  15:24  Starport  
  130  15:25  Starport  
  145  15:29  Hellion x2  
  142  15:52  Command Center  
  142  15:53  Refinery  
  142  15:56  Refinery  
  142  16:03  Battlecruiser  
Tags
 
Add a new tag
Caveats
  • Supply blocks, unpowered buildings, or Contaminate may cause inaccurate times.
  • Supply counts are checked every 10 seconds.